 Dungeon Crawl Stone Soup version 0.30-a0-1085-g990a428a5c (webtiles) character file.

Game seed: 17543601850374235760

8176 Lobster4 the Covert (level 11, -2/56 HPs)
             Began as a Spriggan Brigand on Apr 16, 2023.
             Was a Priest of Dithmenos.
             Killed by divine providence
             ... invoked by an orc priest
              (14 damage)
             ... on level 9 of the Dungeon on Apr 17, 2023.
             The game lasted 00:58:25 (11740 turns).

Lobster4 the Covert (Spriggan Brigand)             Turns: 11740, Time: 00:58:26

Health: -2/56      AC:  7    Str:  7    XL:     11   Next: 6%
Magic:  19/19      EV: 23    Int: 15    God:    Dithmenos [***...]
Gold:   539        SH:  5    Dex: 19    Spells: 19/20 levels left

rFire   . . .      SeeInvis +    b - +1 dagger (venom)
rCold   . . .      Faith    .    (no shield)
rNeg    . . .      Spirit   .    c - +0 steam dragon scales
rPois   .          Reflect  +    (helmet restricted)
rElec   .          Rampage  .    v - +1 cloak
rCorr   .                        (gloves unavailable)
Will    +....                    (boots unavailable)
Stlth   +++++++                  s - amulet of reflection
HPRegen 0.29/turn                (no ring)
MPRegen 0.16/turn                (no ring)

@: wreathed by umbra, very quick
A: very small, no large weapons, unfitting armour, see invisible, speed 3
a: Renounce Religion, Shadow Step


You were on level 9 of the Dungeon.
You worshipped Dithmenos.
Dithmenos was most pleased with you.
You visited 2 branches of the dungeon, and saw 10 of its levels.

You collected 539 gold pieces.

Inventory:

Hand Weapons
 a - a +2 short sword of protection
 b - a +1 dagger of venom (weapon)
 m - a +1 short sword of electrocution
 q - a +0 sling
 t - a +0 shortbow
 x - a +1 dagger of holy wrath
 y - a +4 dagger
 D - a +4 short sword
 F - a +5 falchion
Missiles
 d - 28 poisoned darts (quivered)
 o - 6 datura-tipped darts
 w - 2 boomerangs
 B - 5 curare-tipped darts
Armour
 c - +0 steam dragon scales (worn)
 n - a +0 robe
 v - a +1 cloak (worn)
 G - a +2 robe of positive energy
Magical Staves
 k - a staff of air
Jewellery
 s - an amulet of reflection (around neck)
Wands
 r - a wand of acid (4)
 K - a wand of roots (2)
Scrolls
 f - a scroll of fear
 g - a scroll of amnesia
 h - a scroll of enchant weapon
 i - 3 scrolls of teleportation
 j - a scroll of summoning
 l - 2 scrolls of poison
 z - 3 scrolls of fog
 A - 2 scrolls of enchant armour
 J - a scroll of magic mapping
 L - a scroll of vulnerability {unknown}
 M - a scroll of blinking
Potions
 e - a potion of flight
 p - 2 potions of heal wounds
 u - a potion of haste
 C - a potion of lignification
 E - 2 potions of brilliance
 H - a potion of mutation
 I - a potion of cancellation {unknown}
 N - a potion of invisibility {unknown}


   Skills:
 + Level 5.5 Fighting
 - Level 5.0 Short Blades
 - Level 5.0 Ranged Weapons
 - Level 5.0 Throwing
 + Level 8.3 Dodging
 + Level 11.4 Stealth
 - Level 5.0 Spellcasting
 - Level 3.0 Conjurations
 - Level 5.0 Hexes
 - Level 3.0 Ice Magic
 - Level 3.0 Air Magic
 - Level 3.0 Invocations
 - Level 5.0 Evocations


You had 19 spell levels left.
You knew the following spells:

 Your Spells              Type           Power      Damage    Failure   Level
a - Magic Dart            Conj           48%        1d5       4%          1

Your spell library contained the following spells:

 Spells                   Type           Power      Damage    Failure   Level
 Mephitic Cloud           Conj/Pois/Air  9%         N/A       22%         3
 Call Imp                 Summ           6%         N/A       24%         2


Dungeon Overview and Level Annotations

Branches:
Dungeon (9/15)             Temple (1/1) D:5
   Lair: D:8-11         Orc: D:9-12

Altars:
Ashenzari
Cheibriados
Dithmenos
Elyvilon
Fedhas
Gozag
Hepliaklqana
Kikubaaqudgha
Makhleb
Nemelex Xobeh
Okawaru
Qazlal
Ru
Sif Muna
Trog
Uskayaw
Vehumet
Wu Jian
Xom
Yredelemnul
Zin
The Shining One

Shops:
D:1 :   D:8 [

Annotations:
D:9 exclusions: shadow and troll, Erolcha


Innate Abilities, Weirdness & Mutations

You are very small and have problems with some larger weapons.
You are too small for most types of armour.
You have supernaturally acute eyesight. (SInv)
You cover ground extremely quickly. (Speed+++)


Message History

There is a stone staircase leading down here.
The orc wizard shouts!
You hear a shout!
An orc priest comes into view. It is wielding a +0 dagger.
You miss the orc wizard.
The orc wizard gestures at you while chanting.
The puff of flame hits you!
You barely miss the orc wizard.
The orc wizard hits you but does no damage.
You closely miss the orc wizard. The orc wizard barely misses you.
You completely miss the orc wizard.
You hit the orc wizard but do no damage.
The orc wizard is poisoned.
The orc wizard points at you and mumbles some strange words.
The puff of flame hits you.
The orc priest mumbles some strange prayers to Beogh against you.
Beogh smites you!
You are too injured to fight recklessly!
You are too injured to fight recklessly!
You hit the orc wizard.
The orc wizard is moderately wounded.
The orc wizard completely misses you.
You hit the orc wizard.
The orc wizard looks as sick as possible!
The orc wizard is heavily wounded.
The orc priest looks braver for a moment.
The orc wizard misses you.
You hit the orc wizard but do no damage.
The orc wizard looks as sick as possible!
The orc wizard is severely wounded.
The orc wizard gestures wildly while chanting.
The orc wizard flickers and vanishes for a moment.
The orc priest mumbles some strange prayers to Beogh against you.
Beogh smites you!
* * * LOW HITPOINT WARNING * * *
You closely miss the orc priest.
You kill the orc wizard!
Dithmenos accepts your kill.
The orc priest invokes the aid of Beogh against you.
Beogh smites you!
You die...

....######
.........#......#
.........#......#
.........#......#
.........#......########
.........#......#......#
.........#......#......#
#####....#......#......#
................@o.....#
................)......#
...)....>.......########
.<.####'####....#
...........#....#
...........#....+
...........#....#
...........#....#
#################


You could see an orc priest.

Vanquished Creatures
  2 two-headed ogres (D:8)
  Amaemon (D:9)
  An orange demon (D:9)
  Sigmund (D:3)
  A shadow (D:8)
  11 yaks
  4 steam dragons
  Edmund (D:4)
  A water moccasin (D:8)
  2 orc warriors
  A black bear (D:5)
  A sky beast (D:6)
  An ice beast (D:5)
  3 centaurs
  3 kobold brigands
  A bullfrog (D:6)
  3 scorpions
  15 wights
  12 killer bees
  4 howler monkeys
  2 lava snakes (D:7)
  Crazy Yiuf (D:6)
  4 hounds
  2 jellies
  6 orc priests
  Jessica (D:3)
  3 iguanas
  7 orc wizards
  A sleepcap (D:8)
  4 gnolls (D:5)
  2 adders (D:2)
  4 shadow imps
  A white imp (D:7)
  An ufetubus (D:4)
  2 worms
  25 orcs
  6 endoplasms
  2 giant cockroaches (D:4)
  7 hobgoblins
  11 jackals
  4 quokkas
  4 ball pythons
  5 bats
  2 frilled lizards
  5 goblins
  39 kobolds
  4 rats
224 creatures vanquished.

Vanquished Creatures (others)
  49 plants (D:5)
49 creatures vanquished.

Grand Total: 273 creatures vanquished

Notes
Turn   | Place    | Note
-------+----------+-------------------------------------------
     0 | D:1      | Lobster4 the Spriggan Brigand began the quest for the Orb.
     0 | D:1      | Reached XP level 1. HP: 10/10 MP: 2/2
    16 | D:1      | Found Gist's Book Shoppe.
   194 | D:1      | Reached skill level 6 in Stealth
   212 | D:1      | Reached XP level 2. HP: 13/15 MP: 3/3
  1366 | D:2      | Reached XP level 3. HP: 18/18 MP: 4/4
  2437 | D:3      | Noticed Sigmund
  2465 | D:3      | Reached XP level 4. HP: 23/23 MP: 5/5
  2538 | D:3      | Reached skill level 1 in Evocations
  2582 | D:3      | Noticed Jessica
  2589 | D:3      | Killed Jessica
  2590 | D:3      | Reached XP level 5. HP: 26/26 MP: 6/6
  2855 | D:4      | Found an iron altar of Okawaru.
  2883 | D:4      | You fall into a shaft and drop 3 floors!
  2902 | D:7      | Found a sparkling altar of Nemelex Xobeh.
  2956 | D:7      | Reached skill level 7 in Stealth
  2956 | D:7      | Reached XP level 6. HP: 32/32 MP: 7/7
  2968 | D:7      | Noticed a steam dragon
  2984 | D:7      | Noticed a steam dragon
  3154 | D:6      | Found a runed translucent door.
  3155 | D:6      | Noticed Crazy Yiuf
  3196 | D:6      | Reached skill level 1 in Ranged Weapons
  3290 | D:5      | Entered Level 5 of the Dungeon
  3364 | D:4      | Found a stormy altar of Qazlal.
  3494 | D:4      | Noticed Edmund
  3906 | D:4      | Killed Edmund
  3907 | D:4      | Reached XP level 7. HP: 35/35 MP: 8/8
  4009 | D:5      | Learned a level 1 spell: Magic Dart
  4022 | D:5      | Found a staircase to the Ecumenical Temple.
  4031 | Temple   | Entered the Ecumenical Temple
  4042 | Temple   | Became a worshipper of Dithmenos the Shadowed
  4253 | D:5      | Reached skill level 1 in Spellcasting
  4520 | D:5      | Reached skill level 8 in Stealth
  4520 | D:5      | Reached skill level 1 in Invocations
  4699 | D:5      | Reached skill level 1 in Conjurations
  4914 | D:5      | Reached * piety under Dithmenos
  4944 | D:5      | Reached XP level 8. HP: 36/40 MP: 11/11
  5352 | D:6      | Found a hide-covered altar of Uskayaw.
  5692 | D:6      | Reached skill level 5 in Dodging
  5692 | D:6      | Reached skill level 1 in Hexes
  6217 | D:6      | Reached skill level 1 in Ice Magic
  6333 | D:6      | Killed Crazy Yiuf
  6426 | D:7      | Reached ** piety under Dithmenos
  6539 | D:7      | Reached XP level 9. HP: 5/45 MP: 14/14
  6791 | D:7      | Found a snail-covered altar of Cheibriados.
  7013 | D:7      | Reached skill level 5 in Short Blades
  7013 | D:7      | Reached skill level 9 in Stealth
  7082 | D:7      | Reached skill level 1 in Air Magic
  7096 | D:7      | Reached skill level 5 in Throwing
  7399 | D:7      | Found a hazy altar of Hepliaklqana.
  7905 | D:3      | Killed Sigmund
  8566 | D:7      | Reached XP level 10. HP: 42/49 MP: 17/17
  8686 | D:8      | Found Munih's Armour Shop.
  8734 | D:8      | Noticed a two-headed ogre
  8768 | D:8      | Killed a two-headed ogre
  8769 | D:8      | Reached skill level 5 in Evocations
  8866 | D:8      | HP: 1/51 [orc warrior/bolt (15)]
  9438 | D:8      | Reached skill level 10 in Stealth
  9807 | D:8      | Reached skill level 5 in Spellcasting
  9861 | D:8      | Reached *** piety under Dithmenos
 10269 | D:9      | Found a white marble altar of Elyvilon.
 10612 | D:9      | Reached skill level 5 in Hexes
 10761 | D:9      | Noticed an orange demon
 10808 | D:9      | Killed an orange demon
 10809 | D:9      | Reached skill level 5 in Fighting
 10843 | D:9      | Noticed Amaemon
 10894 | D:9      | Killed Amaemon
 10895 | D:9      | Reached skill level 11 in Stealth
 11044 | D:9      | Found a radiant altar of Vehumet.
 11081 | D:9      | Noticed Erolcha
 11476 | D:9      | Noticed a two-headed ogre
 11518 | D:8      | Killed a two-headed ogre
 11519 | D:8      | Reached skill level 5 in Ranged Weapons
 11519 | D:8      | Reached XP level 11. HP: 56/56 MP: 19/19
 11692 | D:9      | Found a bloodstained altar of Trog.
 11698 | D:9      | Found a blossoming altar of Fedhas.
 11740 | D:9      | Killed from afar by an orc priest

Illustrated notes

Levels and vault maps discovered:
D:1:      elethiomel_arrival_shortcut, layout_basic, serial_shops, shop
D:2:      layout_basic
D:3:      layout_basic, uniq_sigmund, uniq_jessica
D:4:      layout_rooms, marbit_many_paths, okawaru_gym_becter, uniq_edmund
D:5:      kennysheep_kobold_camp, layout_cave_pools,
          minmay_temple_entry_drinking_statues, reono_crystal_passage
D:6:      layout_gridville, lemuel_crystal_altar, uniq_crazy_yiuf_cottage
D:7:      layout_rooms, lemuel_doored_altar, mainiacjoe_overflow_catch_the_wave
D:8:      layout_cave_pools, serial_shops, nicolae_shop_peninsula,
          serial_park_tiny_2
D:9:      layout_grid_maze, fiery_altar_vehumet, elyvilon_altar_4,
          amethyst_overflow_temple_binary, uniq_erolcha, uniq_amaemon
Temple:   nicolae_temple_no_exploring_needed

Skill      XL: |  1  2  3  4  5  6  7  8  9 10 |
---------------+-------------------------------+-----
Stealth        | 6 7 8 9 11 | 11.4
Dodging        | 2 3 4 5 6 8 |  8.3
Fighting       | 2 3 4 5 |  5.5
Short Blades   | 3 4 5 |  5.0
Evocations     | 1 2 3 4 5 |  5.0
Throwing       | 3 4 5 |  5.0
Ranged Weapons | 1 2 3 5 |  5.0
Spellcasting   | 1 3 4 5 |  5.0
Invocations    | 1 2 3 |  3.0
Conjurations   | 1 2 3 |  3.0
Hexes          | 2 3 5 |  5.0
Ice Magic      | 1 2 3 |  3.0
Air Magic      | 2 3 |  3.0

Action                     |  1- 3 |  4- 6 |  7- 9 | 10-12 || total
---------------------------+-------+-------+-------+-------++-------
  Melee: Dagger            |   118 |    11 |   118 |   149 ||   396
         Short sword       |    10 |    98 |   235 |    41 ||   384
         Punch             |     1 |     3 |     9 |     3 ||    16
   Fire: Sling             |       |       |    96 |   180 ||   276
         Shortbow          |       |       |       |     2 ||     2
  Throw: Dart              |    26 |    20 |   181 |    91 ||   318
  Evoke: Wand              |       |       |     2 |     2 ||     4
    Use: Scroll            |     6 |     4 |     6 |     3 ||    19
         Potion            |       |       |     2 |       ||     2
   Stab: Sleeping          |    10 |    12 |     4 |     4 ||    30
         Distracted        |     1 |       |     2 |       ||     3
 Armour: Robe              |    21 |    12 |    22 |       ||    55
         Steam dragon scal |       |       |     7 |    11 ||    18
  Dodge: Dodged            |    70 |    75 |   197 |   165 ||   507
  Block: Other             |       |     2 |    58 |    26 ||    86
         Reflection        |       |       |     4 |     4 ||     8

Table legend: (Time is in decaauts)
 A = Elapsed time spent in this place.
 B = Non-inter-level travel time spent in this place.
 C = Inter-level travel time spent in this place.
 D = Time resting spent in this place.
 E = Time spent auto-exploring this place.
 F = Levels seen in this place.
 G = Mean time per level.
                   A        B        C        D        E       F      G
               +--------+--------+--------+--------+--------+-----+--------+
         Total |   8304 |   7862 |    442 |   1004 |   3798 |  10 |  830.4 |
       Dungeon |   8288 |   7846 |    442 |   1004 |   3798 |   9 |  920.9 |
        Temple |     16 |     16 |      0 |      0 |      0 |   1 |   16.0 |
               +--------+--------+--------+--------+--------+-----+--------+

Top non-repeatable levels by time:
     D:7: 1681 daAuts
     D:8: 1143 daAuts
     D:5: 1002 daAuts
     D:9: 980 daAuts
     D:6: 972 daAuts
     D:1: 771 daAuts
     D:3: 612 daAuts
     D:2: 596 daAuts
     D:4: 527 daAuts
  Temple: 16 daAuts
